 Dungeon Crawl Stone Soup version 0.23-a0-8-gb809bb7 (webtiles) character file.

61 prawnwizard the Conjurer (level 3, -1/20 HPs)
             Began as a Deep Elf Conjurer on Aug 1, 2018.
             Shot with an arrow by a centaur (9 damage)
             ... on level 3 of the Dungeon.
             The game lasted 00:02:46 (1794 turns).

prawnwizard the Conjurer (Deep Elf Conjurer)        Turns: 1794, Time: 00:02:47

Health: -1/20      AC:  2    Str:  5    XL:     3   Next: 83%
Magic:  6/10       EV: 13    Int: 22    God:
Gold:   74         SH:  0    Dex: 15    Spells: 8/9 levels left

rFire    + . .     SeeInvis .   f - +1 dagger (drain)
rCold    . . .     Gourm    .   (no shield)
rNeg     . . .     Faith    .   a - +0 robe
rPois    .         Spirit   .   (no helmet)
rElec    .         Reflect  .   (no cloak)
rCorr    .         Harm     .   (no gloves)
MR       .....                  (no boots)
Stlth    ++........             (no amulet)
HPRegen  0.06/turn              i - ring of protection from fire
MPRegen  0.12/turn              d - +2 ring of intelligence

@: no status effects
A: no striking features
a: no special abilities


You were on level 3 of the Dungeon.
You were hungry.

You visited 1 branch of the dungeon, and saw 3 of its levels.

You collected 74 gold pieces.

Inventory:

Hand Weapons
 f - a +1 dagger of draining (weapon)
Armour
 a - a +0 robe (worn)
Jewellery
 d - a +2 ring of intelligence (right hand)
 i - a ring of protection from fire (left hand)
Scrolls
 b - a scroll of enchant armour {unknown}
 e - a scroll of teleportation {unknown}
 h - 2 scrolls of immolation {unknown}
 j - a scroll of enchant weapon {unknown}
 l - 4 scrolls of identify {unknown}
 n - a scroll of remove curse {unknown}
Potions
 g - 2 potions of degeneration {unknown}
 k - a potion of might {unknown}
 m - 3 potions of berserk rage {unknown}
 p - a potion of brilliance {unknown}
Comestibles
 c - 3 rations


   Skills:
 + Level 1.2 Fighting
 - Level 2.4 Dodging
 - Level 2.4 Stealth
 + Level 3.8 Spellcasting
 * Level 5.3 Conjurations


You had 8 spell levels left.
You knew the following spells:

 Your Spells              Type           Power        Failure   Level  Hunger
a - Magic Dart            Conj           ####         1%          1    None

Your spell library contained the following spells:

 Spells                   Type           Power        Failure   Level  Hunger
 Confuse                  Hex            #.......     34%         3    ###....
 Iskenderun's Mystic Bla  Conj           ####....     13%         4    ####...
 Confusing Touch          Hex            #.....       12%         1    None
 Metabolic Englaciation   Hex/Ice        #.........   97%         5    ######.
 Petrify                  Tmut/Erth      #.......     75%         4    ####...
 Fulminant Prism          Conj/Hex       ###.......   36%         4    ####...
 Dazzling Spray           Conj/Hex       ###...       12%         3    ###....
 Force Lance              Conj/Tloc      ###.....     36%         4    ####...
 Searing Ray              Conj           ####..       1%          2    #......
 Gell's Gravitas          Tloc           #.........   34%         3    ###....
 Yara's Violent Unravell  Hex/Tmut       #.........   97%         5    ######.


Dungeon Overview and Level Annotations

Branches:
Dungeon (3/15)

Altars:
Makhleb


Message History

The arrow barely misses you.
Casting: Magic Dart (safe; 1% risk of failure)
Confirm with . or Enter, or press ? or * to list all spells.
Aiming: Magic Dart (safe; 1% risk of failure)
Press: ? - help, Shift-Dir - straight line, f/p - centaur
Aim: a centaur, wielding a shortbow (moderately wounded)
The magic dart hits the centaur.
The centaur is severely wounded.
The centaur shoots an arrow.
The arrow barely misses you.
The centaur shoots an arrow.
The arrow hits you!
Ouch! That really hurt!
Casting: Magic Dart (safe; 1% risk of failure)
Confirm with . or Enter, or press ? or * to list all spells.
Aiming: Magic Dart (safe; 1% risk of failure)
Press: ? - help, Shift-Dir - straight line, f/p - centaur
Aim: a centaur, wielding a shortbow (severely wounded)
The magic dart hits the centaur.
The centaur is severely wounded.
The centaur shoots an arrow.
The arrow hits you!
You die...

... #.# . #.# .#
#.# ... ## #.#
.... [.
#.###.....
#####.#.........
..)...)<.##....%
.....(..@...c...
..#...##.##.....
.....< #.# ####
..### ..# . ###


You could see a centaur.

Vanquished Creatures
  2 adders (D:2)
  An ooze (D:2)
  2 worms
  A leopard gecko (D:1)
  A giant cockroach (D:2)
  6 goblins
  2 hobgoblins
  5 kobolds
  3 quokkas (D:2)
  3 bats
  A frilled lizard (D:2)
  5 rats
32 creatures vanquished.

Notes
Turn   | Place    | Note
-------+----------+-------------------------------------------
     0 | D:1      | prawnwizard the Deep Elf Conjurer began the quest for the Orb.
     0 | D:1      | Reached XP level 1. HP: 10/10 MP: 6/6
     0 | D:1      | Found a burning altar of Makhleb.
   244 | D:1      | Reached XP level 2. HP: 16/16 MP: 5/8
   886 | D:2      | Reached skill level 5 in Conjurations
   886 | D:2      | Reached XP level 3. HP: 20/20 MP: 5/10
   938 | D:2      | Reached skill level 1 in Fighting
  1357 | D:2      | Found a faded altar of an unknown god.
  1790 | D:3      | Noticed a centaur
  1794 | D:3      | Shot with an arrow by a centaur

Vault maps used:
D:1:      sevenhm_arrival_forest_fort_small_6, item_on_display_a
D:2:      chequers_ecumenical_altar_grove, kennysheep_generic_room_13
D:3:      overflow_temple_1_default, serial_aquarium, aquarium_bridge_square,
          aquarium_window_corner, aquarium_window_fake, aquarium_window_fake,
          aquarium_view_2e

Skill      XL: |  1  2  3 |
---------------+----------+-----
Conjurations   | 5 |  5.3
Fighting       | 1 |  1.2
Dodging        | |  2.4
Stealth        | |  2.4
Spellcasting   | |  3.8

Action                   || total
-------------------------++-------
Melee: Dagger            ||    11
       Unarmed           ||     2
 Cast: Magic Dart        ||    62
 Stab: Sleeping          ||     5
  Eat: Chunk             ||     2
Dodge: Dodged            ||    17

Table legend:
 A = Spawn XP
 B = Non-spawn XP
 C = Spawn XP percentage of total XP
 D = Spawn monster count
 E = Non-spawn monster count
 F = Spawn count percentage of total count
 G = Total turns spent on level
                    A         B        C        D         E        F      G
               +---------+---------+-------+---------+---------+-------+---------
         Total |       0 |      88 |   0.0 |       0 |      32 |   0.0 |  1794
               +---------+---------+-------+---------+---------+-------+---------
           D:1 |       0 |      22 |   0.0 |       0 |      14 |   0.0 |   767
           D:2 |       0 |      59 |   0.0 |       0 |      16 |   0.0 |   889
           D:3 |       0 |       7 |   0.0 |       0 |       2 |   0.0 |   138
               +---------+---------+-------+---------+---------+-------+---------
